Map: Ley Lines

Players

Vaisravana - Winner!

  • Race: Zerg Zerg
  • Spawn Location: 7:00

kitune

  • Race: Zerg Zerg
  • Spawn Location: 1:00

VOD

Have the link to the VOD?

Description

Time

  • Played on: May 10, 2025, 4:50 p.m.
  • Length: 7:40
Show
View Real Time Build Order
Export as new Build Order

Vaisravana Zerg - Winner!

Build Orders: Hatch First 

Get SALT Encoding   

  12  0:00  Drone  
  13  0:12  Overlord  
  13  0:17  Drone  
  14  0:30  Drone x2  
  16  0:46  Hatchery  
  16  0:50  Drone  
  16  0:53  Drone  
  17  0:57  Drone  
  18  1:06  Extractor  
  17  1:12  Spawning Pool  
  17  1:16  Drone  
  17  1:19  Drone  
  18  1:27  Drone  
  19  1:42  Overlord  
  19  2:00  Zergling x6  
  19  2:01  Queen  
  24  2:03  Queen  
  26  2:11  Zergling x2  
  26  2:12  Zergling x2  
  28  2:23  Drone x2  
  30  2:33  Drone  
  30  2:34  Drone  
  32  2:41  Queen  
  34  2:47  Overlord  
  34  2:50  Drone  
  35  2:53  Drone  
  36  2:58  Lair  
  36  3:10  Drone  
  36  3:11  Drone x4  
  41  3:17  Roach Warren  
  40  3:25  Evolution Chamber  
  38  3:28  Drone x3  
  41  3:35  Drone x2  
  41  3:38  Extractor  
  41  3:39  Overlord, Extractor  
  41  3:45  Drone x2  
  43  3:48  Overlord  
  43  3:53  Zerg Missile Weapons Level 1  
  43  3:57  Glial Reconstitution  
  43  4:05  Drone x4  
  47  4:14  Drone x4  
  51  4:23  Drone  
  52  4:25  Roach x2  
  52  4:26  Roach  
  58  4:34  Overlord x2  
  58  4:43  Roach  
  60  4:53  Roach x3  
  60  4:54  Roach x4  
  60  4:56  Roach  
  76  5:02  Overlord  
  76  5:03  Overlord  
  76  5:20  Hatchery  
  75  5:28  Roach  
  75  5:29  Roach x5  
  75  5:30  Roach  
  75  5:32  Roach  
  91  5:38  Overlord  
  91  5:48  Overlord  
  89  5:57  Roach  
  89  5:58  Roach x3  
  95  6:06  Roach  
  95  6:08  Roach x5  
  95  6:09  Overlord  
  103  6:22  Overlord  
  103  6:23  Overlord  
  103  6:34  Roach x3  
  103  6:36  Roach x3  
  103  6:37  Roach x3  
  121  6:42  Ravager x2  
  121  6:44  Ravager x3  
  121  6:45  Ravager  
  127  6:55  Roach x3  
  127  6:58  Overlord x2  
  129  7:16  Roach x4  
Show
View Real Time Build Order
Export as new Build Order

kitune Zerg 

Build Orders: Pool First 

Get SALT Encoding   

  12  0:01  Drone  
  13  0:14  Overlord  
  13  0:20  Drone  
  14  0:33  Drone x2  
  16  0:42  Spawning Pool  
  16  0:45  Drone  
  16  0:49  Drone  
  17  1:10  Hatchery  
  16  1:12  Drone  
  16  1:15  Extractor  
  16  1:30  Zergling x2  
  16  1:31  Zergling x4  
  19  1:38  Queen  
  21  1:47  Drone  
  22  1:54  Overlord  
  22  2:14  Queen, Drone x2  
  26  2:35  Drone  
  26  2:36  Drone x2  
  29  2:43  Overlord  
  29  2:47  Drone  
  29  2:48  Drone x3  
  33  3:00  Drone x3  
  33  3:05  Lair  
  36  3:14  Overlord  
  36  3:28  Roach Warren  
  36  3:33  Evolution Chamber  
  34  3:35  Evolution Chamber  
  34  3:39  Extractor  
  32  3:43  Drone  
  32  3:44  Drone x5  
  38  3:48  Extractor  
  38  3:54  Drone x3  
  40  4:02  Drone x2  
  42  4:22  Queen  
  44  4:26  Overlord x4  
  44  4:33  Overlord  
  44  4:37  Glial Reconstitution  
  44  4:51  Roach x5  
  54  4:59  Drone x2  
  56  5:02  Drone  
  56  5:05  Drone x2  
  56  5:07  Drone  
  60  5:12  Roach  
  64  5:21  Roach  
  64  5:30  Roach x2  
  64  5:31  Roach x3  
  74  5:42  Overlord  
  74  5:43  Overlord  
  74  5:44  Overlord  
  74  5:45  Roach x2  
  75  6:03  Roach  
  75  6:04  Roach x5  
  84  6:14  Evolution Chamber  
  78  6:29  Zergling x2  
  78  6:30  Zergling x16  
  87  6:38  Roach Warren  
  86  6:54  Zergling x2  
  86  6:55  Zergling x6  
  86  6:57  Overlord x3  
  90  7:01  Queen  
Tags
 
Matchup
ZvZ
Race
Zerg
Spawn Locations
Cross Positions
Add a new tag
Caveats
  • Supply blocks, unpowered buildings, or Contaminate may cause inaccurate times.
  • Supply counts are checked every 10 seconds.